 Dungeon Crawl Stone Soup version 0.18.1-50-g88ac8fd (webtiles) character file.

22575 magog001 the Blocker (level 12, -10/106 HPs)
             Began as a Minotaur Fighter on Apr 16, 2017.
             Was an Elder of Nemelex Xobeh.
             Blown up by an orb spider (41 damage)
             ... with an orb of destruction
             ... on level 1 of the Spider Nest on Apr 18, 2017.
             The game lasted 01:49:48 (13670 turns).

magog001 the Blocker (Minotaur Fighter)            Turns: 13670, Time: 01:49:48

Health: -10/106    AC: 36    Str: 25    XL:     12   Next: 64%
Magic:  18/18      EV:  3    Int: 10    God:    Nemelex Xobeh [****..]
Gold:   1700       SH: 13    Dex: 13    Spells: 1 memorised, 20 levels left

rFire  . . .     SeeInvis .     Y - +5 morningstar "Ropteqimm" {vamp, rF+ rN+ Dex+2}
rCold  + . .     Gourm    +     z - +8 orange crystal plate armour {Archmagi, Int+3 Clar SustAt}
rNeg   + . .     Faith    .     c - +0 shield
rPois  +         Spirit   .     (helmet restricted)
rElec  +         Dismiss  .     r - +1 cloak
rCorr  .         Reflect  .     (no gloves)
SustAt +         Harm     .     S - +0 pair of boots
MR     .....     Clarity  +     N - amulet of the gourmand
Stlth  ..........               V - ring "Epiupt" {Ice +Inv rElec Int+4}
                                I - ring of poison resistance

@: not resistant to hostile enchantments, extremely unstealthy
A: retaliatory headbutt, horns 2, iridescent scales 1, blurry vision 1, dopey 1,
wild magic 1
a: Triple Draw, Deal Four, Renounce Religion, Evoke Invisibility


You were on level 1 of the Spider Nest.
You worshipped Nemelex Xobeh.
Nemelex Xobeh was greatly pleased with you.
You were not hungry.

You visited 3 branches of the dungeon, and saw 13 of its levels.
You also visited: Ice Cave.

You collected 1935 gold pieces.
You spent 225 gold pieces at shops.

Inventory:

Hand Weapons
 C - a +2 hunting sling of flaming
 Y - the +5 morningstar "Ropteqimm" (weapon) {vamp, rF+ rN+ Dex+2}
   (You found it on level 1 of the Lair of Beasts)

   It inflicts no extra harm, but heals its wielder somewhat when it strikes a
   living foe.
   It affects your dexterity (+2).
   It protects you from fire.
   It protects you from negative energy.
Missiles
 n - 125 sling bullets
 D - 6 tomahawks
 M - 4 javelins (quivered)
Armour
 c - a +0 shield (worn)
 r - a +1 cloak (worn)
 z - the +8 orange crystal plate armour (worn) {Archmagi, Int+3 Clar SustAt}
   (You acquired it on level 3 of the Lair of Beasts)

   It affects your intelligence (+3).
   It sustains your strength, intelligence and dexterity.
   It protects you against confusion.
 S - a +0 pair of boots (worn)
Jewellery
 l - an uncursed ring of flight
 v - the ring "Riatti" {Fire Stlth+, unknown}
   (You found it on level 1 of the Spider Nest)

   [ring of fire]

   It enhances your fire magic, and weakens your ice magic.
   It protects you from fire.
   It makes you vulnerable to cold.
   It makes you more stealthy.
 I - a ring of poison resistance (left hand)
 N - an amulet of the gourmand (around neck)
 V - the ring "Epiupt" (right hand) {Ice +Inv rElec Int+4}
   (You found it on level 1 of the Lair of Beasts)

   [ring of ice]

   It enhances your ice magic, and weakens your fire magic.
   It affects your intelligence (+4).
   It makes you vulnerable to fire.
   It protects you from cold.
   It insulates you from electricity.
   It lets you turn invisible.
Wands
 a - a wand of flame (31/48)
 d - a wand of slowing (18/48)
 g - a wand of polymorph (17/24)
 k - a wand of iceblast (1/15)
 F - a wand of iceblast (2/15)
 G - a wand of confusion (11/48)
 J - a wand of paralysis (5/24)
 K - a wand of polymorph (6/24)
 X - a wand of enslavement (12/24)
Scrolls
 h - a scroll of identify
 i - 8 scrolls of remove curse
 o - a scroll of fog
 t - 2 scrolls of magic mapping
 y - 3 scrolls of teleportation
 P - a scroll of holy word
 W - a scroll of amnesia
Potions
 b - a potion of curing
 e - a potion of haste {unknown}
 q - 4 potions of brilliance
 u - a potion of cancellation
 B - a potion of cure mutation
 L - a potion of berserk rage {unknown}
 R - a potion of flight
 Z - 2 potions of agility
Miscellaneous
 j - an ornate deck of destruction
 m - a plain deck of war {drawn: 3}
 A - a plain deck of destruction
 H - a plain deck of destruction {drawn: 3}
 O - a plain deck of war {drawn: 11}
 U - an ornate deck of escape {drawn: 2}
Comestibles
 f - 11 bread rations
 p - 9 beef jerkies
 s - 4 chunks of flesh
 Q - 2 meat rations
 T - 12 fruits


   Skills:
 + Level 10.3 Fighting
   Level 7.7(9.3) Axes
 + Level 8.3(9.6) Maces & Flails
 + Level 1.6 Throwing
 + Level 9.8 Armour
 + Level 8.9 Dodging
 + Level 2.0 Stealth
 + Level 12.4 Shields
 * Level 5.3 Spellcasting
 + Level 0.1 Transmutations
 + Level 3.2 Evocations


You had 20 spell levels left.
You knew the following spells:

 Your Spells              Type           Power        Failure   Level  Hunger
a - Beastly Appendage     Trmt           #.....       100%        1    None


Dungeon Overview and Level Annotations

Branches:
Dungeon (9/15)             Temple (0/1) D:7            Lair (3/8) D:9
 Spider (1/4) Lair:3
  Swamp: Lair:3-6    Shoals: Lair:3-6       Orc: D:9-12

Altars:
Cheibriados
Dithmenos
Elyvilon
Fedhas
Gozag
Kikubaaqudgha
Makhleb
Nemelex Xobeh
Okawaru
Pakellas
Ru
Sif Muna
Trog
Yredelemnul
Zin
The Shining One

Shops:
D:8 *


Innate Abilities, Weirdness & Mutations

You reflexively headbutt those who attack you in melee.
You have a pair of horns on your head.
You are partially covered in iridescent scales (AC +4).
Scrolls take you a little longer to read.
You are dopey. (Int -2)
Your spells are a little harder to cast, but a little more powerful.


Message History

You block the jumping spider's attack.
The jumping spider leaps!
You bludgeon the jumping spider!!
You feel better.
You kill the jumping spider!
The jumping spider leaps!
Your cleaving frenzy subsides.
You block the jumping spider's attack.
The jumping spider bites you but does no damage.
The orb spider weaves a glowing orb of energy.
An orb of destruction comes into view.
There is a crawl-hole back to the Lair, spattered with blood here.
Your orange crystal plate armour prevents you from hitting the jumping spider.
The jumping spider is almost dead.
The jumping spider leaps!
You block the jumping spider's attack.
The jumping spider bites you but does no damage.
You barely miss the jumping spider. You block the jumping spider's attack.
The jumping spider bites you but does no damage.
You can't go down here!
The orb of destruction hits you!
You die...
Your body disappears without a glow.

##.#.....^### *#...........# *
*...........†## **
#.......(.....# ,*
#...##........## ,*
#.%##.[.s......## ,**
*#...#..§§.....^##### ,,*
##...##...§†.....#..##
,,**##^........§@.....##..#
*,,,#..........†s^........##
*,,,###..........†...^.....#
*,,,..#......†.............####
*,,,..........s.......#.....#.#
,,,,......>#.............#....#
,***.................#...^^..##
,,**...##.^.(......#.........##
,,**)###........#......#......#


You could see an orb spider and 2 jumping spiders.

Vanquished Creatures
  A thorn hunter (Lair:3)
  An entropy weaver (Spider:1)
  A hydra (Lair:3)
  A catoblepas (Lair:3)
  An oklob plant (Lair:3)
  An orb spider (Spider:1)
  2 wolf spiders (Spider:1)
  A black mamba (Lair:1)
  5 spiny frogs
  3 ice statues (IceCv)
  2 komodo dragons (Lair:2)
  A rime drake (Lair:3)
  2 demonic crawlers (Spider:1)
  6 jumping spiders
  A troll (D:9)
  5 blink frogs
  Grinder (D:4)
  A boulder beetle (Spider:1)
  14 redbacks
  6 tarantellas (Spider:1)
  3 yaks (Lair:1)
  A hippogriff (Lair:2)
  Menkaure (D:5)
  Edmund (D:6)
  4 water moccasins
  Duvessa (D:5)
  3 porcupines
  An orc warrior (D:6)
  3 sky beasts
  6 ice beasts (IceCv)
  The ghost of Sapher the Chopper, an amateur DDGl (D:6)
  5 ogres
  6 wolves
  3 centaurs
  A crocodile (Lair:1)
  12 giant frogs
  Dowan (D:5)
  2 scorpions (D:6)
  3 killer bees (D:9)
  A howler monkey (D:7)
  3 crimson imps
  A centaur zombie (D:6)
  2 giant frog zombies
  A jelly (D:9)
  9 orc priests
  7 hounds
  A centaur skeleton (D:6)
  A gnoll shaman (D:6)
  An iron imp (D:6)
  6 iguanas
  7 orc wizards
  5 worker ants
  A killer bee zombie (D:8)
  2 hound zombies
  3 hound skeletons
  A howler monkey zombie (D:6)
  A worker ant zombie (D:6)
  Robin (D:2)
  11 gnolls
  55 river rats
  12 adders
  A shadow imp (D:9)
  A white imp (Lair:1)
  2 oozes (D:4)
  3 adder skeletons
  2 adder zombies (D:6)
  3 worms
  4 dart slugs
  6 giant geckos
  31 orcs
  A ball python (D:3)
  7 bats
  4 giant cockroaches
  13 goblins
  9 hobgoblins
  15 jackals
  3 quokkas
  A giant gecko skeleton (D:6)
  3 giant newts
  4 kobolds
  A quokka skeleton (D:4)
  A quokka zombie (D:5)
  3 rats
  A fungus (Lair:3)
  2 plants (Lair:3)
367 creatures vanquished.

Vanquished Creatures (collateral kills)
  An orb spider (Spider:1)
  An oklob plant (Lair:3)
  2 tarantellas (Spider:1)
  A worker ant (D:6)
  11 white imps (Lair:1)
16 creatures vanquished.

Vanquished Creatures (others)
  A redback (Spider:1)
  A fungus (Lair:3)
2 creatures vanquished.

Grand Total: 385 creatures vanquished

Notes
Turn   | Place    | Note
--------------------------------------------------------------
     0 | D:1      | magog001 the Minotaur Fighter began the quest for the Orb.
     0 | D:1      | Reached XP level 1. HP: 19/19 MP: 0/0
   151 | D:1      | Reached XP level 2. HP: 27/27 MP: 1/1
   169 | D:1      | Reached skill level 4 in Shields
   746 | D:1      | Gained mutation: Your mind is acute. (Int +2) [potion of mutation]
   746 | D:1      | Gained mutation: You are partially covered in yellow scales (AC +2). [potion of mutation]
   747 | D:1      | Gained mutation: You have a pair of large horns on your head. [potion of mutation]
   747 | D:1      | Gained mutation: Your magical capacity is low (-10% MP). [potion of mutation]
   879 | D:2      | Found a faded altar to an unknown god.
   884 | D:2      | Reached XP level 3. HP: 33/33 MP: 1/1
   920 | D:2      | Noticed Robin
   930 | D:2      | Killed Robin
   940 | D:2      | Reached skill level 1 in Dodging
  1175 | D:2      | Reached XP level 4. HP: 37/40 MP: 2/2
  1585 | D:3      | Reached skill level 5 in Shields
  1772 | D:3      | Reached XP level 5. HP: 42/46 MP: 3/3
  2225 | D:4      | Reached skill level 5 in Armour
  2336 | D:4      | Found a blossoming altar of Fedhas.
  2337 | D:4      | Found a burning altar of Makhleb.
  2385 | D:4      | Noticed Grinder
  2409 | D:4      | Killed Grinder
  2409 | D:4      | Reached skill level 6 in Shields
  2409 | D:4      | Reached XP level 6. HP: 38/53 MP: 4/4
  2484 | D:4      | Found an opulent altar of Gozag.
  2484 | D:4      | Found a sparkling altar of Nemelex Xobeh.
  2485 | D:4      | Found a glowing golden altar of the Shining One.
  2485 | D:4      | Found an iron altar of Okawaru.
  2487 | D:4      | Found a glowing silver altar of Zin.
  2499 | D:4      | Found an ancient bone altar of Kikubaaqudgha.
  2502 | D:4      | Found a bloodstained altar of Trog.
  2525 | D:4      | Became a worshipper of Nemelex Xobeh the Trickster
  2670 | D:4      | Found a sparkling altar of Nemelex Xobeh.
  2812 | D:4      | Found a sacrificial altar of Ru.
  2813 | D:4      | Received a gift from Nemelex Xobeh
  2813 | D:4      | Found a deep blue altar of Sif Muna.
  2813 | D:4      | Found a shadowy altar of Dithmenos.
  2834 | D:5      | Entered Level 5 of the Dungeon
  2834 | D:5      | Noticed a sky beast
  2853 | D:5      | Killed a sky beast
  2853 | D:5      | Reached XP level 7. HP: 49/60 MP: 5/5
  3150 | D:5      | Noticed Dowan
  3151 | D:5      | Noticed Duvessa
  3159 | D:5      | Killed Duvessa
  3159 | D:5      | Reached skill level 5 in Fighting
  3172 | D:5      | Killed Dowan
  3280 | D:5      | Noticed Menkaure
  3285 | D:5      | Killed Menkaure
  3285 | D:5      | Reached skill level 7 in Shields
  3388 | D:5      | Reached skill level 5 in Axes
  3396 | D:5      | Reached XP level 8. HP: 46/69 MP: 6/6
  3489 | D:5      | Received a gift from Nemelex Xobeh
  4100 | D:6      | Noticed Edmund
  4115 | D:6      | Killed Edmund
  4115 | D:6      | Reached skill level 5 in Dodging
  4224 | D:6      | Noticed Sapher's ghost (amateur DDGl)
  4224 | D:6      | Found a snail-covered altar of Cheibriados.
  4224 | D:6      | Reached * piety under Nemelex Xobeh
  4232 | D:6      | Killed Sapher's ghost
  4232 | D:6      | Reached skill level 1 in Evocations
  4240 | D:6      | Reached skill level 1 in Stealth
  4245 | D:6      | Reached skill level 8 in Shields
  4331 | D:6      | Lost mutation: Your mind is acute. (Int +2) [potion of cure mutation]
  4331 | D:6      | Lost mutation: You have a pair of large horns on your head. [potion of cure mutation]
  4331 | D:6      | Lost mutation: Your magical capacity is low (-10% MP). [potion of cure mutation]
  4331 | D:6      | Lost mutation: You are partially covered in yellow scales (AC +2). [potion of cure mutation]
  4563 | D:6      | Reached XP level 9. HP: 55/77 MP: 8/8
  4909 | D:6      | Learned a level 1 spell: Beastly Appendage
  5309 | D:7      | Reached skill level 1 in Spellcasting
  5390 | D:7      | Received a gift from Nemelex Xobeh
  5462 | D:7      | Found a staircase to the Ecumenical Temple.
  5489 | D:7      | Reached skill level 9 in Shields
  5850 | D:8      | Reached ** piety under Nemelex Xobeh
  5929 | D:8      | Reached skill level 1 in Throwing
  6130 | D:8      | Found Yconigeo's Assorted Antiques.
  6178 | D:8      | Bought a scroll of magic mapping for 84 gold pieces
  6178 | D:8      | Bought a scroll labeled SUNUCIRAGI for 24 gold pieces
  6178 | D:8      | Bought an emerald potion for 21 gold pieces
  6178 | D:8      | Bought a scroll labeled LENKIT UZIOCIT for 24 gold pieces
  6178 | D:8      | Bought a scroll of remove curse for 72 gold pieces
  6801 | D:9      | Received a gift from Nemelex Xobeh
  6815 | D:9      | Found an oddly glowing altar of Pakellas.
  6927 | D:9      | Found a white marble altar of Elyvilon.
  6970 | D:9      | Reached skill level 1 in Maces & Flails
  7092 | D:9      | Reached XP level 10. HP: 86/86 MP: 11/11
  7264 | D:9      | Found a staircase to the Lair.
  7394 | Lair:1   | Entered Level 1 of the Lair of Beasts
  7394 | Lair:1   | Found a frozen archway.
  7423 | IceCv    | Entered an ice cave
  7751 | IceCv    | Learned a level 1 spell: Beastly Appendage
  7769 | IceCv    | Noticed an ice statue
  7769 | IceCv    | Noticed an ice statue
  7779 | IceCv    | HP: 4/86 [something] (11)]
  7784 | IceCv    | Gained mutation: You are dopey. (Int -2) [mutagenic glow]
  8607 | IceCv    | Killed an ice statue
  9090 | IceCv    | Killed an ice statue
  9090 | IceCv    | Reached skill level 10 in Shields
  9091 | IceCv    | Noticed an ice statue
  9417 | IceCv    | Killed an ice statue
  9447 | IceCv    | Identified the Volume of Dislocation and Earth
  9586 | Lair:1   | Received a gift from Nemelex Xobeh
  9607 | Lair:1   | Got a crude jade ring
  9619 | Lair:1   | Reached *** piety under Nemelex Xobeh
  9747 | Lair:1   | Got a shimmering morningstar
  9762 | Lair:1   | Identified the +5 morningstar "Ropteqimm" {vamp, rF+ rN+ Dex+2} (You found it on level 1 of the Lair of Beasts)
  9768 | Lair:1   | Identified the ring "Epiupt" {Ice +Inv rElec Int+4} (You found it on level 1 of the Lair of Beasts)
  9916 | Lair:1   | Got a bronze leather armour
  9927 | Lair:1   | Identified the +0 leather armour "Dimuug" {Regen+ MP+9 Str+2} (You found it on level 1 of the Lair of Beasts)
 10053 | Lair:1   | Received a gift from Nemelex Xobeh
 10079 | Lair:1   | Found a basalt altar of Yredelemnul.
 10193 | Lair:1   | Noticed a spiny frog
 10201 | Lair:1   | Killed a spiny frog
 10209 | Lair:1   | Noticed a black mamba
 10216 | Lair:1   | Killed a black mamba
 10264 | Lair:1   | Reached XP level 11. HP: 95/95 MP: 14/14
 10853 | Lair:2   | Received a gift from Nemelex Xobeh
 10892 | Lair:2   | Reached skill level 5 in Maces & Flails
 11051 | Lair:2   | Reached **** piety under Nemelex Xobeh
 11437 | Lair:2   | Reached skill level 11 in Shields
 11669 | Lair:3   | Received a gift from Nemelex Xobeh
 11681 | Lair:3   | Noticed a six-headed hydra
 11690 | Lair:3   | Killed a six-headed hydra
 12032 | Lair:3   | Identified 2 scrolls of acquirement
 12158 | Lair:3   | Gained mutation: Scrolls take you a little longer to read. [potion of mutation]
 12158 | Lair:3   | Gained mutation: Your spells are a little harder to cast, but a little more powerful. [potion of mutation]
 12158 | Lair:3   | Gained mutation: You are partially covered in iridescent scales (AC +4). [potion of mutation]
 12277 | Lair:3   | Noticed an oklob plant
 12281 | Lair:3   | Noticed an oklob plant
 12287 | Lair:3   | Noticed a catoblepas
 12347 | Lair:3   | Killed a catoblepas
 12422 | Lair:3   | Received a gift from Nemelex Xobeh
 12422 | Lair:3   | Noticed an oklob plant
 12431 | Lair:3   | Killed an oklob plant
 12743 | Lair:3   | Noticed a thorn hunter
 12743 | Lair:3   | an oklob plant changed into a thorn hunter
 12755 | Lair:3   | Killed a thorn hunter
 12876 | Lair:3   | Killed an oklob plant
 13115 | Lair:3   | Found a hole to the Spider Nest.
 13133 | Lair:3   | Reached XP level 12. HP: 105/105 MP: 17/17
 13308 | Spider:1 | Entered Level 1 of the Spider Nest
 13308 | Spider:1 | Noticed an entropy weaver
 13315 | Spider:1 | Killed an entropy weaver
 13374 | Spider:1 | Got a clouded iron ring
 13521 | Spider:1 | Reached skill level 10 in Fighting
 13529 | Spider:1 | Reached skill level 5 in Spellcasting
 13535 | Spider:1 | Reached skill level 12 in Shields
 13670 | Spider:1 | Blown up by an orb spider

Skill      XL: |  1  2  3  4  5  6  7  8  9 10 11 12 |
---------------+-------------------------------------+-----
Armour         | 4 5 6 7 9 |  9.8
Shields        | 4 5 6 7 8 9 10 11 12 | 12.4
Dodging        | 1 2 3 4 5 6 8 |  8.9
Fighting       | 4 5 6 7 8 9 10 | 10.3
Axes           | 3 4 5 6 7 |  7.7
Evocations     | 1 2 3 |  3.2
Stealth        | 1 2 |  2.0
Spellcasting   | 1 3 4 5 |  5.3
Throwing       | 1 |  1.6
Maces & Flails | 1 4 6 8 |  8.3
Transmutations | |  0.1

Action                   |  1- 3 |  4- 6 |  7- 9 | 10-12 || total
-------------------------+-------+-------+-------+-------++-------
Melee: War axe           |   104 |   157 |   277 |       ||   538
       Headbutt          |    16 |    21 |    67 |   162 ||   266
       Mace              |       |       |    71 |   264 ||   335
       Morningstar       |       |       |       |   417 ||   417
Throw: Javelin           |       |       |    14 |     7 ||    21
       Tomahawk          |       |       |     1 |     6 ||     7
Evoke: Wand              |       |     1 |     5 |    52 ||    58
       Deck              |       |     1 |     1 |    33 ||    35
  Use: Potion            |     2 |     3 |     3 |     7 ||    15
       Scroll            |     1 |    11 |     8 |     7 ||    27
 Stab: Confused          |       |       |     1 |       ||     1
       Paralysed         |       |       |       |     3 ||     3
       Petrifying        |       |       |       |     1 ||     1
  Eat: Chunk             |     1 |     6 |    10 |    28 ||    45
       Fruit             |       |       |     1 |     1 ||     2
       Meat ration       |       |       |     2 |       ||     2
Armor: Scale mail        |    55 |    39 |   101 |   167 ||   362
       Leather armour    |       |    27 |     9 |       ||    36
       Crystal plate arm |       |       |       |   287 ||   287
Dodge: Dodged            |    36 |    52 |   135 |   374 ||   597
Block: Shield            |    72 |    79 |   229 |   564 ||   944
